 Dungeon Crawl Stone Soup version 0.32-a0-960-g3814254bd7 (webtiles) character file.

Game seed: 6008794246729551000

81 trashops the Covered (level 4, -4/40 HPs)
             Began as a Mountain Dwarf Fighter on Apr 17, 2024.
             Slain by Natasha (5 damage)
             ... on level 2 of the Dungeon.
             The game lasted 00:01:25 (979 turns).

trashops the Covered (Mountain Dwarf Fighter)        Turns: 979, Time: 00:01:26

Health: -4/40      AC:  7    Str: 21    XL:     4   Next: 19%
Magic:  4/4        EV:  8    Int:  8    God:
Gold:   51         SH:  4    Dex:  9    Spells: 3/3 levels left

rFire   . . .        a - +0 war axe
rCold   . . .        c - +0 buckler
rNeg    . . .        b - +0 scale mail
rPois   .            (no helmet)
rElec   .            (no cloak)
rCorr   .            (no gloves)
SInv    .            (no boots)
Will    .....        (no amulet) Stlth
                     (no ring)
HPRegen 0.26/turn    (no ring)
MPRegen 0.09/turn

%: no passive effects
@: mighty, slowed, very slow
A: runic magic, artefact enchanting
a: no special abilities


You were on level 2 of the Dungeon.
You visited 1 branch of the dungeon, and saw 2 of its levels.

You collected 51 gold pieces.

Inventory:

Hand Weapons
 a - a +0 war axe (weapon)
Armour
 b - a +0 scale mail (worn)
 c - a +0 buckler (worn)
Scrolls
 e - a scroll of fear {unknown}
 i - 3 scrolls of amnesia {unknown}
Potions
 d - 2 potions of might
 g - a potion of mutation {unknown}
 h - 2 potions of enlightenment {unknown}


   Skills:
 * Level 4.0 Fighting
 * Level 3.9 Axes
 * Level 4.0 Armour
 + Level 3.5 Shields


You had 3 spell levels left.
You didn't know any spells.
Your spell library contained the following spells:

 Spells                   Type           Power      Damage    Failure   Level
 Tukima's Dance           Hex            0%         N/A       90%         3
 Passage of Golubria      Tloc           0%         N/A       100%        4
 Yara's Violent Unravell  Hex/Alch       0%         3d3       100%        5


Dungeon Overview and Level Annotations

Branches:
Dungeon (2/15)

Altars:

Annotations:
D:2 Natasha


Innate Abilities, Weirdness & Mutations

Your spellcasting is much less encumbered by armour.
You can use scrolls of enchantment on lesser artefacts.


Message History

You hit Natasha but do no damage. You hit the bat.
The bat hits you but does no damage. Natasha claws you but does no damage.
Natasha stares at you and mumbles some strange words.
You resist with some effort.
You closely miss Natasha. The bat hits you but does no damage.
Natasha closely misses you.
You closely miss Natasha. The bat barely misses you.
Natasha casts a spell at you.
You feel yourself slow down.
You barely miss Natasha. You barely miss the bat. You block the bat's attack.
You block Natasha's attack. Natasha closely misses you.
The bat hits you but does no damage.
You slash Natasha!
Natasha is severely wounded.
You closely miss the bat. The bat closely misses you. Natasha claws you.
The bat closely misses you. Natasha casts a spell at you.
The magic dart hits you but does no damage.
You miss Natasha.
Natasha is severely wounded.
The bat barely misses you. Natasha claws you.
The bat hits you but does no damage. Natasha claws you.
You closely miss Natasha.
Natasha is severely wounded.
The bat hits you but does no damage. Natasha claws you.
* * * LOW HITPOINT WARNING * * *
The bat misses you. Natasha claws you.
* * * LOW HITPOINT WARNING * * *
You feel very mighty all of a sudden. The bat hits you.
* * * LOW HITPOINT WARNING * * *
Natasha claws you but does no damage. Natasha claws you.
* * * LOW HITPOINT WARNING * * *
You closely miss Natasha.
Natasha is severely wounded.
You barely miss the bat. The bat hits you but does no damage. The bat hits you.
* * * LOW HITPOINT WARNING * * *
Natasha claws you.
You die...
Natasha curls up and begins to purr.

... #............. ...
#............# #....
#......<.....# #....
##..:.........#######....
......?.......##.........
..............##.........
.......†...### #......[..
.......h@....# #.........
.............# #.........
......b###...# #.........
....... #...# #.......##
.......###...# #.........
....##.......###.........
.... #............#......
... #............#......
#............#......


You could see Natasha and a bat.

Vanquished Creatures
  Natasha (D:2)
  2 adders (D:2)
  2 ribbon worms (D:2)
  2 dart slugs (D:1)
  A bat (D:1)
  An endoplasm (D:2)
  2 giant cockroaches
  2 goblins (D:1)
  3 hobgoblins (D:1)
  3 jackals (D:1)
  4 kobolds (D:1)
  A quokka (D:1)
  4 rats (D:1)
28 creatures vanquished.

Notes
Turn   | Place    | Note
-------+----------+-------------------------------------------
     0 | D:1      | trashops the Mountain Dwarf Fighter began the quest for the
                  | Orb.
     0 | D:1      | Reached XP level 1. HP: 19/19 MP: 1/1
    96 | D:1      | Reached XP level 2. HP: 26/26 MP: 2/2
   537 | D:1      | Reached XP level 3. HP: 33/33 MP: 3/3
   836 | D:2      | Noticed Natasha
   849 | D:2      | Killed Natasha
   850 | D:2      | Reached XP level 4. HP: 25/40 MP: 4/4
   964 | D:2      | Noticed Natasha
   978 | D:2      | HP: 1/40 [Natasha (2)]
   979 | D:2      | Slain by Natasha

Illustrated notes

Levels and vault maps discovered:
D:1:      onia_arrival_handbag, layout_loops_cross, kennysheep_decorative_pillar
D:2:      layout_basic, serial_corexii_hall, corexii_hall_statues_u,
          chequers_hall_statues_y, chequers_hall_statues_corner_a,
          corexii_hall_statues_s, guppyfry_early_orc_mine, uniq_natasha,
          uniq_robin

Skill      XL: |  1  2  3  4 |
---------------+-------------+-----
Axes           | 3 |  3.9
Armour         | 4 |  4.0
Fighting       | 4 |  4.0
Shields        | |  3.5

Action                     |  1- 3 |  4- 6 || total
---------------------------+-------+-------++-------
  Melee: War axe           |    67 |    23 ||    90
    Use: Potion            |     1 |     1 ||     2
 Armour: Scale mail        |    73 |    39 ||   112
  Dodge: Dodged            |    38 |    21 ||    59
  Block: Buckler           |    13 |    10 ||    23

Table legend: (Time is in decaauts)
 A = Elapsed time spent in this place.
 B = Non-inter-level travel time spent in this place.
 C = Inter-level travel time spent in this place.
 D = Time resting spent in this place.
 E = Time spent auto-exploring this place.
 F = Levels seen in this place.
 G = Mean time per level.
                   A        B        C        D        E       F      G
               +--------+--------+--------+--------+--------+-----+--------+
         Total |   1022 |   1002 |     20 |    121 |    661 |   2 |  511.0 |
       Dungeon |   1022 |   1002 |     20 |    121 |    661 |   2 |  511.0 |
               +--------+--------+--------+--------+--------+-----+--------+

Top non-repeatable levels by time:
     D:1: 719 daAuts
     D:2: 303 daAuts
